 Dungeon Crawl Stone Soup version 0.29-a0-334-gb41bcbb86e (webtiles) character file.

Game seed: 15790900941108349241

16 enile the Gusty (level 2, 0/20 HPs)
             Began as a Demigod Air Elementalist on Apr 15, 2022.
             Slain by a ball python (1 damage)
             ... on level 1 of the Dungeon.
             The game lasted 00:01:36 (491 turns).

enile the Gusty (Demigod Air Elementalist)           Turns: 491, Time: 00:01:37

Health: 0/20       AC:  2    Str:  9    XL:     2   Next: 24%
Magic:  7/7        EV: 12    Int: 17    God:
Gold:   0          SH:  0    Dex: 14    Spells: 4/5 levels left

rFire   . . .      SeeInvis .   e - +0 dagger
rCold   . . .      Faith    .   (no shield)
rNeg    . . .      Spirit   .   a - +0 robe
rPois   .          Reflect  .   (no helmet)
rElec   .          Harm     .   (no cloak)
rCorr   .          Rampage  .   (no gloves)
Will    .....                   (no boots)
Stlth   ++........              (no amulet)
HPRegen 0.06/turn               (no ring)
MPRegen 0.10/turn               (no ring)

@: no status effects
A: high MP 1, forlorn, divine attributes
a: no special abilities


You were on level 1 of the Dungeon.
You visited 1 branch of the dungeon, and saw 1 of its levels.

Inventory:

Hand Weapons
 e - a +0 dagger (weapon)
Armour
 a - a +0 robe (worn)
Scrolls
 d - a scroll of identify


   Skills:
 + Level 0.2 Fighting
 - Level 1.7 Dodging
 - Level 1.7 Stealth
 - Level 2.0 Spellcasting
 - Level 2.0 Conjurations
 - Level 2.6 Air Magic


You had 4 spell levels left.
You knew the following spells:

 Your Spells              Type           Power      Damage    Failure   Level
a - Shock                 Conj/Air       36%        1d5       8%          1

Your spell library contained the following spells:

 Spells                   Type           Power      Damage    Failure   Level
 Static Discharge         Conj/Air       9%         N/A       11%         2
 Swiftness                Air            10%        N/A       19%         3
 Airstrike                Air            5%         N/A       54%         4


Dungeon Overview and Level Annotations

Branches:
Dungeon (1/15)


Innate Abilities, Weirdness & Mutations

You have an increased reservoir of magic. (+10% MP)
You shall have no god before yourself.
Your divine heritage dramatically boosts your attributes as you level up.


Message History

The ball python attacks as you move away!
The ball python bites you but does no damage.
You hit the ball python.
You kill the ball python!
Training target 2.0 for Conjurations reached!
Your Conjurations skill increases to level 2!
You need to enable at least one skill for training.
The kobold throws a stone.
The stone barely misses you.
You see here a +0 scale mail.
The ball python bites you.
* * * LOW HITPOINT WARNING * * *
The ball python grabs you. The ball python constricts you.
You escape the ball python's grasp.
The kobold throws a stone.
The stone barely misses you.
The ball python attacks as you move away!
The ball python bites you but does no damage.
The ball python barely misses you.
An endoplasm comes into view.
The ball python attacks as you move away!
The ball python closely misses you.
The ball python attacks as you move away!
The ball python bites you but does no damage.
The ball python barely misses you.
Your magical contamination has completely faded away.
The ball python closely misses you. The ball python grabs you.
The ball python constricts you.
* * * LOW HITPOINT WARNING * * *
You escape the ball python's grasp.
You hit the ball python.
The ball python is severely wounded.
The ball python misses you. The ball python barely misses you.
You hit the ball python but do no damage.
The ball python is severely wounded.
The ball python misses you. The ball python grabs you.
The ball python constricts you.
* * * LOW HITPOINT WARNING * * *
You hit the ball python.
You kill the ball python!
You closely miss the ball python. The ball python bites you.
You die...

.#........#+#####.#
.#.......K..# #.
.#.........S#########
#...................
#...........S.#####
#...........#.#
#...........#.#
....#......#K#####
...#.#....#.S@..#
.J.#.##.#####.# ## #.
#.# # # #.


You could see a ball python and a kobold.

Vanquished Creatures
  2 ball pythons (D:1)
  3 bats (D:1)
  An endoplasm (D:1)
  2 goblins (D:1)
  2 hobgoblins (D:1)
  A quokka (D:1)
  A frilled lizard (D:1)
  A kobold (D:1)
  2 rats (D:1)
15 creatures vanquished.

Vanquished Creatures (others)
  6 plants (D:1)
6 creatures vanquished.

Grand Total: 21 creatures vanquished

Notes
Turn   | Place    | Note
-------+----------+-------------------------------------------
     0 | D:1      | enile the Demigod Air Elementalist began the quest for the
                  | Orb.
     0 | D:1      | Reached XP level 1. HP: 14/14 MP: 5/5
    84 | D:1      | Reached skill level 1 in Conjurations
   380 | D:1      | Reached XP level 2. HP: 20/20 MP: 2/7
   483 | D:1      | HP: 1/20 [constriction (1)]
   489 | D:1      | HP: 1/20 [constriction (1)]
   491 | D:1      | Slain by a ball python

Illustrated notes

Levels and vault maps discovered:
D:1:      giann_horns, layout_basic, serial_bayou, serial_bayou_crossing,
          serial_bayou_pond_b, serial_bayou_lagoon_a, serial_bayou_pond_c,
          nicolae_ecumenical_snake_handling, minmay_circled_x

Skill      XL: |  1  2 |
---------------+-------+-----
Spellcasting   | 2 |  2.0
Conjurations   | 1 2 |  2.0
Fighting       | |  0.2
Dodging        | |  1.7
Stealth        | |  1.7
Air Magic      | |  2.6

Action                   || total
-------------------------++-------
Melee: Dagger            ||    10
 Cast: Shock             ||    31
  Use: Potion            ||     2
       Scroll            ||     1
Armor: Robe              ||     7
Dodge: Dodged            ||    37

Table legend: (Time is in decaauts)
 A = Elapsed time spent in this place.
 B = Non-inter-level travel time spent in this place.
 C = Inter-level travel time spent in this place.
 D = Time resting spent in this place.
 E = Time spent auto-exploring this place.
 F = Levels seen in this place.
 G = Mean time per level.
                   A        B        C        D        E       F      G
               +--------+--------+--------+--------+--------+-----+--------+
         Total |    497 |    497 |      0 |      0 |    400 |   1 |  497.0 |
       Dungeon |    497 |    497 |      0 |      0 |    400 |   1 |  497.0 |
               +--------+--------+--------+--------+--------+-----+--------+

Top non-repeatable levels by time:
     D:1: 497 daAuts
